AoeStats
← Cheeky Bulge

Black Forest

508731167Analyzed
4v4 RM · 8d ago on Sep 23, 2026· 72m 17s· 8 players
Game mode
Random Map
Map size
Large (8 player)
Population
200
Speed
Normal
Resources
Standard
Victory
Conquest
Starting age
Dark Age
Ending age
Imperial Age
RankedLock teamsTeams togetherTeam positionsShared explorationLock speedFull tech treeHidden civsTurbo modeCheats
Victory
Defeat
🇮🇳 Mongols · India
1621
+3
🇨🇦 Britons · Canada
1536
+5
🇮🇳 Persians · India
1039
+23
🇬🇧 Magyars · United Kingdom
673
+31
🇵🇹 Saxons · Portugal
1213
-16
🇬🇧 Danes · United Kingdom
1210
-16
1200
-15
🇩🇪 Khmer · Germany
1183
-15
McLagan
11:03 Feudal Age
14:35 Castle Age
13:00 Double-Bit Axe
14:31 Horse Collar
15:34 Bow Saw
20:40 Fishing Lines
22:41 Wheelbarrow
22:17 Gold Mining
22:41 Heavy Plow
28:04 Imperial Age
25:20 Loom
25:10 Pikeman
25:51 Squires
25:52 Scale Mail Armor
26:50 Chain Mail Armor
26:46 Forging
29:08 Iron Casting
28:04 Capped Ram
28:15 Halberdier
29:38 Hand Cart
30:18 Plate Mail Armor
29:41 Town Watch
31:29 Blast Furnace
30:44 Arson
31:17 Masonry
31:25 Caravan
31:16 Siege Ram
33:23 Siege Engineers
34:16 Conscription
33:19 Hamask
35:08 Onager
37:20 Gold Shaft Mining
36:36 Stone Mining
37:33 Siege Onager
40:48 Fletching
45:10 Bodkin Arrow
45:37 Ballistics
GAMARÚS de CAGABANDÚRRIES
0:33 Loom
12:44 Feudal Age
14:55 Double-Bit Axe
18:12 Castle Age
17:11 Fishing Lines
19:30 Bow Saw
21:15 Wheelbarrow
21:32 Gillnets
25:06 Hand Cart
28:27 Scale Mail Armor
28:38 Forging
31:41 Imperial Age
29:44 Chain Mail Armor
29:27 Fletching
30:22 Fortified Wall
30:33 Ballistics
30:25 Masonry
30:04 Town Watch
30:51 Pikeman
31:17 Gambesons
32:09 Iron Casting
31:35 Padded Archer Armor
32:33 Furor Celtica
32:45 Conscription
31:48 Capped Ram
32:34 Siege Ram
32:55 Heavy Scorpion
35:12 Halberdier
37:13 Chemistry
44:27 Onager
45:33 Siege Engineers
46:51 Siege Onager
56:12 Guilds
56:36 Caravan
Mo...
10:50 Feudal Age
14:29 Castle Age
12:47 Double-Bit Axe
15:28 Bow Saw
18:12 Horse Collar
19:43 Wheelbarrow
20:08 Heavy Plow
22:01 Hand Cart
21:40 Gold Mining
21:42 Stone Mining
26:26 Gold Shaft Mining
29:38 Imperial Age
28:30 Husbandry
28:41 Bloodlines
28:40 Scale Barding Armor
28:46 Forging
29:23 Stone Shaft Mining
29:12 Ballistics
30:02 Chain Barding Armor
30:09 Caravan
31:02 Iron Casting
29:49 Elite Battle Elephant
31:06 Crop Rotation
33:15 Plate Barding Armor
35:04 Blast Furnace
38:10 Tusk Swords
38:03 Light Cavalry
39:34 Hussar
45:49 Conscription
darkdavixi
0:54 Loom
13:02 Feudal Age
15:46 Fishing Lines
19:21 Castle Age
19:27 Town Watch
19:34 Double-Bit Axe
30:28 Medium Warships
33:22 Gillnets
34:50 Bow Saw
35:43 Scale Mail Armor
35:54 Forging
36:53 Chain Mail Armor
38:45 Iron Casting
46:22 Imperial Age
44:29 Wheelbarrow
45:30 Masonry
45:33 Murder Holes
46:39 Shield Wall
47:05 Elite Hearth Troop
48:41 Conscription
51:27 Plate Mail Armor
52:11 Two-Man Saw
51:36 Elite Skirmisher
53:44 Fletching
53:55 Padded Archer Armor
54:44 Thumb Ring
54:58 Bodkin Arrow
56:06 Bracer
67:04 Leather Archer Armor
67:54 Horse Collar
69:56 Ring Archer Armor
Cheeky Bulge
10:46 Feudal Age
16:26 Wheelbarrow
15:37 Double-Bit Axe
15:38 Horse Collar
16:46 Fletching
21:28 Castle Age
21:21 Scale Barding Armor
21:28 Loom
24:46 Chain Barding Armor
24:23 Bodkin Arrow
26:25 Corvinian Army
37:02 Imperial Age
38:21 Cavalier
40:40 Husbandry
40:52 Bloodlines
41:27 Bow Saw
41:30 Heavy Plow
41:48 Hand Cart
45:02 Light Cavalry
46:23 Crop Rotation
47:06 Plate Barding Armor
46:29 Gold Mining
46:10 Pikeman
49:00 Paladin
58:47 Two-Man Saw
63:35 Elite Magyar Huszar
68:49 Ballistics
Lord Snow
1:06 Loom
14:35 Feudal Age
15:27 Double-Bit Axe
18:31 Castle Age
18:25 Fishing Lines
18:44 Fletching
20:23 Bow Saw
21:40 Bodkin Arrow
26:31 Gillnets
28:23 Horse Collar
34:31 Ballistics
38:16 Imperial Age
39:05 Bracer
40:13 Chemistry
39:24 Masonry
40:09 Elite Mangudai
41:59 Thumb Ring
42:20 Parthian Tactics
42:58 Bloodlines
42:48 Husbandry
42:51 Padded Archer Armor
43:23 Conscription
44:02 Leather Archer Armor
45:04 Gold Mining
45:05 Stone Mining
46:20 Heavy Plow
52:16 Caravan
52:48 Coinage
56:18 Banking
63:53 Drill
64:52 Hoardings
71:09 Drill
71:02 Onager
NutCracker
8:59 Loom
12:48 Feudal Age
17:53 Castle Age
15:38 Horse Collar
15:46 Double-Bit Axe
18:40 Bow Saw
19:19 Fishing Lines
22:24 Gillnets
25:33 Caravan
28:48 Wheelbarrow
31:26 Imperial Age
29:44 Husbandry
29:55 Bloodlines
30:07 Gold Mining
30:08 Stone Mining
30:48 Scale Barding Armor
30:55 Forging
31:32 Hand Cart
31:57 Gold Shaft Mining
31:58 Stone Shaft Mining
32:09 Stone Shaft Mining
31:14 Cavalier
33:01 Iron Casting
35:24 Chain Barding Armor
36:05 Blast Furnace
35:46 Savar
37:56 Conscription
39:20 Plate Barding Armor
43:33 Citadels
44:01 Hoardings
43:50 Light Cavalry
48:23 Coinage
51:27 Hussar
58:56 Fletching
VIT | Hera
11:14 Feudal Age
12:08 Double-Bit Axe
12:20 Horse Collar
14:52 Castle Age
15:48 Bow Saw
15:38 Heavy Plow
20:01 Wheelbarrow
21:45 Hand Cart
22:43 Gold Mining
22:44 Stone Mining
25:01 Loom
28:30 Imperial Age
26:18 Caravan
26:28 Fletching
27:12 Bodkin Arrow
28:03 Padded Archer Armor
27:51 Town Watch
29:22 Bracer
29:43 Ballistics
30:24 Chemistry
31:27 Two-Man Saw
30:16 Elite Longbowman
32:50 Scale Mail Armor
33:59 Chain Mail Armor
33:54 Forging
34:09 Conscription
34:08 Siege Engineers
33:26 Man-at-Arms
33:51 Gambesons
34:06 Squires
34:00 Pikeman
34:33 Halberdier
35:44 Plate Mail Armor
35:26 Masonry
37:53 Yeomen
37:27 Sappers
38:32 Architecture
44:53 Iron Casting
46:53 Blast Furnace
50:58 Onager
57:37 Treadmill Crane
57:53 Murder Holes
58:37 Hoardings
60:30 Leather Archer Armor
60:17 Long Swordsman
62:14 Guard Tower
62:10 Arrowslits
63:32 Two-Handed Swordsman
64:12 Champion
64:38 Arson
65:23 Ring Archer Armor
68:41 Keep
Connection lost

Rejoining the realm…

Still unreachable

The connection could not be restored.

Session expired

The server has moved on; the page needs a fresh start.